Cogmind - Beta 13 @@@ ROGUE MODE // 2024.02.27 @ 07:11:55 Player: biznut Result: Destroyed by G-34 Mercenary with Small Laser Performance ------------- Evolutions (0) 0 Regions Visited (1) 200 Robots Destroyed (18) 90 Value Destroyed (436) 436 Prototype IDs (0) 0 Alien Tech Used (0) 0 Bonus (0) 0 TOTAL SCORE: 726 Bonus ------- None Cogmind --------- Core Integrity 0/250 Matter 290/300 Energy 125/125 System Corruption 2% Temperature Cool (6) Movement Rolling (80) Location -10/Materials Parts ------- > --- POWER (1) -------- Light Ion Engine > --- PROPULSION (2) --- Wheel > --- UTILITY (2) ------ Heat Sink > --- WEAPON (2) ------- Small Laser Small Laser > --- INVENTORY (5) ---- Light Ion Engine Heat Sink Visual Processing Unit Signal Interpreter Terrain Scan Processor Peak State ------------ > --- POWER ------------ Light Ion Engine > --- PROPULSION ------- Wheel Wheel > --- UTILITY ---------- Heat Sink Large Storage Unit > --- WEAPON ----------- Medium Laser Medium Laser > --- INVENTORY -------- Heat Sink Large Storage Unit Large Storage Unit Terrain Scan Processor Seismic Detector ECM Suite Tractor Beam Small Laser Assault Rifle [Rating: 8] Favorites ----------- Power Light Ion Engine Engine Light Ion Engine Propulsion Wheel Wheel Wheel Utility Large Storage Unit Device Heat Sink Storage Large Storage Unit Protection Propulsion Shielding Weapon Medium Laser Energy Gun Medium Laser Build | -11 -10 ------- Run | Yrd Mat Slots Evolved . | . . Power . | . . Propulsion . | . . Utility . | . . Weapon . | . . Parts Attached 27 | 6 21 Power 4 | 1 3 Engine 4 | 1 3 Core . | . . Reactor . | . . Propulsion 5 | 2 3 Treads . | . . Leg . | . . Wheel 5 | 2 3 Hover . | . . Flight . | . . Utility 9 | 1 8 Device 7 | 1 6 Storage 1 | . 1 Processor . | . . Hackware . | . . Protection 1 | . 1 Artifact . | . . Weapon 9 | 2 7 Energy Gun 9 | 2 7 Energy Cannon . | . . Ballistic Gun . | . . Ballistic Cannon . | . . Launcher . | . . Special Weapon . | . . Impact Weapon . | . . Slashing Weapon . | . . Piercing Weapon . | . . Special Melee Weapon . | . . Unidentified Prototypes . | . . Parts Lost 10 | . 10 Power 2 | . 2 Propulsion 4 | . 4 Utility 1 | . 1 Weapon 3 | . 3 Highest Loss Streak 2 | . 2 To Critical Strikes . | . . Average Slot Usage (%) 81 | . 81 Engine 12 | . 12 Wheel 20 | . 20 Device 9 | . 9 Storage 12 | . 12 Protection 1 | . 1 Energy Gun 23 | . 23 Naked Turns 22 | . 22 Heaviest Build 31 | 8 31 Greatest Support 20 | 20 20 Greatest Overweight (x) 9 | . 9 Average Overweight (x) 1 | . 1 Largest Inventory Capacity 15 | 5 15 Average Capacity 13 | 5 13 Most Carried 14 | 2 14 Average Carried 9 | . 10 Final Capacity 5 | 5 5 Final Carried 5 | 2 5 Class Distribution -------------------- 89% | Mutant 10% | Scavenger-Mutant Dominant Class ---------------- Mutant | -10/Materials Resources | -11 -10 ----------- Run | Yrd Mat Matter Collected 560 | 250 310 Remotely . | . . Salvage Created 668 | 33 635 Parts 35 | 3 32 Haulers Intercepted . | . . Recyclers Shooed 1 | . 1 Parts Field Recycled . | . . Retrieved Matter . | . . Parts Self-Destructed . | . . Prevented . | . . Kills | -11 -10 ------- Run | Yrd Mat Combat Hostiles Destroyed 10 | 1 9 Guns 9 | 1 8 Classes Destroyed 5 | 1 4 Builder 1 | . 1 Tunneler 3 | . 3 Recycler 2 | . 2 Watcher 2 | . 2 Grunt 10 | 1 9 Best Kill Streak 3 | 1 3 Combat Bots Only 2 | 1 2 Max Kills in Single Turn 1 | 1 1 Gunslinging . | . . Exploded . | . . Melee . | . . Uniques/NPCs Destroyed . | . . Combat | -11 -10 -------- Run | Yrd Mat Hostile Shots Fired 121 | 5 116 Missed 35 | 3 32 Damage Taken 1033 | 21 1012 Core 251 | 21 230 Absorbed by Shields . | . . Redirected to Shielding 3 | . 3 Core Remaining (%) 91 | 91 . Volleys Fired 81 | 4 77 Largest 2 | 2 2 Hottest 100 | 100 100 Shots Fired 132 | 8 124 Gun 132 | 8 124 Cannon . | . . Launcher . | . . Special . | . . Kinetic . | . . Thermal 132 | 8 124 Explosive . | . . Electromagnetic . | . . Robot Hit Streak 8 | 2 8 Robot Miss Streak 7 | 1 7 Penetration Max . | . . Secondary Targets . | . . Shots Hit Robots 78 | 5 73 Core Hits 31 | 2 29 Critical Kills . | . . Critical Parts Destroyed . | . . Critical Strikes 3 | . 3 Burn 3 | . 3 Melee Attacks . | . . Impact . | . . Slashing . | . . Piercing . | . . Sneak Attacks . | . . Combat Hostiles . | . . Follow-up Attacks . | . . Damage Inflicted 1046 | 74 972 Guns 1031 | 74 957 Cannons . | . . Explosions . | . . Melee . | . . Ramming 15 | . 15 Kinetic . | . . Thermal 1031 | 74 957 Explosive . | . . Electromagnetic . | . . Impact . | . . Slashing . | . . Piercing . | . . Highest Corruption 2 | . 2 Average Corruption 2 | . 2 Corruption Purged . | . . Corruption Blocked . | . . Effects 12 | . 12 Message Errors 3 | . 3 Matter Fused 4 | . 4 Heat Flow Errors 1 | . 1 Energy Discharges 2 | . 2 Data Loss (minor) 1 | . 1 Weapon Failures 1 | . 1 Overload Shots . | . . Overflow Damage . | . . Projectiles . | . . Explosions . | . . Melee . | . . Knockbacks . | . . Impact . | . . Kinetic . | . . Secondary . | . . Self-Inflicted Damage 7 | . 7 Shots . | . . Rammed 2 | . 2 Targets Rammed 2 | . 2 Kicked . | . . Crushed . | . . Highest Temperature 330 | 168 330 Average Temperature 76 | 88 75 Received Heat Transfer 576 | 12 564 Effects 2 | . 2 Energy Bleed 1 | . 1 Interference 1 | . 1 Siege Activations . | . . Robots Corrupted . | . . Combat Hostiles . | . . Parts Fried . | . . Impact Corruptions . | . . Robots Melted 1 | . 1 Combat Hostiles 1 | . 1 Parts Melted 4 | . 4 Heat Transferred 3115 | 222 2893 Parts Sabotaged . | . . Parts Stolen . | . . Parts Stripped . | . . Power Chain Reactions . | . . Alert | -11 -10 ------- Run | Yrd Mat Peak Influence 180 | 20 180 Initial 13 | . 13 Average 66 | 3 69 Maximum Alert Level . | . . Low Security (%) 100 | 100 100 Level 1 . | . . Level 2 . | . . Level 3 . | . . Level 4 . | . . Level 5 . | . . High Security . | . . Max Security . | . . Squads Dispatched 4 | . 4 Investigation 3 | . 3 Extermination . | . . Reinforcement 1 | . 1 Assault . | . . Garrison . | . . Intercept . | . . Searches Triggered . | . . Construction Impeded . | . . Haulers Reinforced . | . . Active Scanning Responses . | . . Cargo Convoy Interrupts . | . . Stealth | -11 -10 --------- Run | Yrd Mat Distress Signals 2 | . 2 Communications Jammed . | . . Distress Signals . | . . Times Spotted 32 | 1 31 Peak Tracking Total 5 | 1 5 Tactical Retreats 6 | . 6 Traps | -11 -10 ------- Run | Yrd Mat Traps Triggered 4 | . 4 Indirectly . | . . Trap Hack Attempts . | . . Triggered . | . . Disarmed . | . . Reprogrammed . | . . Reused . | . . Traps Extracted . | . . Installed . | . . Triggered . | . . Machines | -11 -10 ---------- Run | Yrd Mat Machines Disabled . | . . Max in Single Turn . | . . Machines Repaired . | . . Machines Dismantled . | . . Machines Sabotaged . | . . Overloaded Fab Kills . | . . Hacking | -11 -10 --------- Run | Yrd Mat Machines Accessed 7 | . 7 Terminals 6 | . 6 Fabricators . | . . Repair Stations 1 | . 1 Recycling Units . | . . Scanalyzers . | . . Garrison Access . | . . Total Hacks 22 | . 22 Successful 6 | . 6 Failed 16 | . 16 Catastrophic 6 | . 6 Database Lockouts . | . . Manual . | . . Terminals 19 | . 19 Fabricators . | . . Repair Stations 3 | . 3 Recycling Units . | . . Scanalyzers . | . . Garrison Access . | . . Terminal Hacks 6 | . 6 Record 1 | . 1 Robot Analysis 1 | . 1 Emergency Access Points 2 | . 2 Locate Traps 1 | . 1 Recall Reinforcements 1 | . 1 Fabricator Hacks . | . . Repair Station Hacks . | . . Recycling Unit Hacks . | . . Scanalyzer . | . . Garrison Access Hacks . | . . Unauthorized Hacks . | . . Terminals . | . . Fabricators . | . . Repair Stations . | . . Recycling Units . | . . Scanalyzers . | . . Garrison Access . | . . Data Cores Recovered . | . . Used . | . . Hacking Detections 7 | . 7 Full Trace Events 7 | . 7 Feedback Events . | . . Feedback Blocked . | . . Robot Schematics Acquired . | . . Robots Built . | . . Authchips . | . . Time . | . . Total Robot Build Rating . | . . Part Schematics Acquired . | . . Parts Built . | . . Authchips . | . . Time . | . . Total Part Build Rating . | . . Parts Repaired . | . . Time . | . . Parts Recycled . | . . Recycled Matter . | . . Retrieved Matter . | . . Retrieved Components . | . . Parts Scanalyzed . | . . Part Schematics Acquired . | . . Parts Damaged . | . . Bothacking | -11 -10 ------------ Run | Yrd Mat Used RIF Installer . | . . Robots Hacked . | . . Non-combat . | . . Combat . | . . Robot Hacks Applied . | . . Relay Couplers Released . | . . Fabnet Peak Effective % . | . . Robots Rewired . | . . Allies Hacked . | . . Hacks Repelled . | . . Allies | -11 -10 -------- Run | Yrd Mat Total Allies . | . . Largest Group . | . . Highest-Rated Group . | . . Highest-Rated Ally . | . . Total Orders . | . . Ally Attacks . | . . Total Damage . | . . Kills . | . . Allies Corrupted . | . . Allies Melted . | . . Intel | -11 -10 ------- Run | Yrd Mat Robot Analysis Total 1 | . 1 Derelict Logs Recovered . | . . Drone Launches . | . . Drone Recoveries . | . . Exploration | -11 -10 ------------- Run | Yrd Mat Turns Passed 1305 | 68 1237 Spaces Moved 958 | 63 895 Core 91 | 17 74 Treads . | . . Legs . | . . Wheels 867 | 46 821 Hover . | . . Flight . | . . Fastest Speed 50 | 50 50 Average Speed 97 | 71 98 Slowest Speed 500 | 80 500 Overloaded Moves . | . . Propulsion Burnouts . | . . Robots Hopped . | . . Cave-ins Triggered . | . . Exploration Rate (%) 41 | 8 74 Regions Visited 1 Branch Regions . Pre-discovered Areas . | . . Known Exits Taken . | . . Unknown Exits Taken 1 | 1 . Scrap Searched . | . . Spaces Dug . | . . Terrain Destroyed . | . . Melee . | . . Projectile . | . . AOE . | . . Terrain Rammed . | . . Walls Destroyed . | . . Machines Disabled . | . . Actions | -11 -10 --------- Run | Yrd Mat Total 1189 | 75 1114 Wait 97 | . 97 Move 957 | 62 895 Hop . | . . Pick Up 20 | 3 17 Fast Attach 20 | 5 15 Attach 3 | 1 2 Detach 1 | . 1 Swap 4 | . 4 Drop 4 | . 4 Fire 81 | 4 77 Melee . | . . Ram 2 | . 2 Kick . | . . Crush . | . . Escape Stasis . | . . Rewire . | . . Trap . | . . Miscellaneous . | . . Route ------- -11/Scrapyard -10/Materials (discovered 4 exits: [*Mat x3] / [*Sub]) History --------- Turn | Location | Event 2 | -11/Scrapyard | Met Revision 17 44 | -11/Scrapyard | Discovered new exit (range 8) 69 | -11/Scrapyard | Entered Materials 300 | -10/Materials | Build established: Mutant 388 | -10/Materials | Discovered new exit (range 8) 605 | -10/Materials | Discovered new exit (range 7) 822 | -10/Materials | Discovered new exit (range 10) 1094 | -10/Materials | Discovered new exit (range 9) 1167 | -10/Materials | Core integrity fell below 50% 1173 | -10/Materials | Released all parts (4) 1246 | -10/Materials | Core integrity fell below 20% 1306 | -10/Materials | Destroyed by G-34 Mercenary with Small Laser Last Messages --------------- 01169_ AY%BQX0XEZ3QQKII>|JC5 SOOP UXTBW< 01173_ Released Particle Gun. 01173_ Released Lrg. Storage Unit. 01173_ Released Ion Engine. 01173_ Released Propulsion Shielding. 01195_ Acquired Lgt. Ion Engine. 01198_ Acquired Sml. Laser. 01220_ T-07 Excavator destroyed. 01224_ System corrupted: Matter fused (-8). 01228_ Acquired Wheel. 01245_ G-34 Mercenary destroyed. 01248_ Acquired 9 matter. 01249_ Acquired 14 matter. 01251_ Acquired Sml. Laser. 01253_ Slammed into T-07 Excavator. 01254_ Acquired 22 matter. 01255_ Acquired Heat Sink. 01258_ Acquired 10 matter. 01276_ Connecting with Repair Station... 01295_ System corrupted: Matter fused (-10). Map ----- +----------------------------------------------------+ | ?????????????????????????????????? | | ?????????????????????????????????? | | ?????????????????????????????????? | | ?????????????????????????????????? | | ##???????????????????????????????? | | #???????????????????????????????? | | #???????????????????????????????? | | #???????????????????????????????? | | #???????????????????????????????? | | #??????????????????###??????????? | | #?????????????????? ??????????? | | #?????????????????? ??????????? | | #?########????????? ??????????? | | #?#= #????????? ??????????? | | ##?# """ #????????? ??????????? | | ?# """ #?????????# #??????????? | | "??# """ #?????????# #??????????? | | "? # """ #?????????# #?########## | | "" # #?????##### #?# # | | ??####+###?????#T"## #?# """ # | | #???# ####### "## ### "R # | | ##### # """ # | | %% T + g # | | ##### %% # """ # | | #???# ############ ## """ # | | ????###%###??????????# ##@ g""" # | | ??????# #?????? ????# ## # | | ??????# #?????? """??# ########### | | ??????# #??????""""" # # # | | ??????# #??????""""" + # # | | ??????#!#??????""""" # + # | | ??????# #?????? """??# # # | | ??????# #?????? ????# # ! # | | ??????# #????????????# # # | | ###???# #??????????#?# # # | | #???# #????????##